Map: Acolyte LE

Players

Jason

  • Race: Terran Terran
  • League: Grandmaster
  • Spawn Location: 1:00

Rob - Winner!

  • Race: Protoss Protoss
  • League: Grandmaster
  • Spawn Location: 7:00

VOD

Have the link to the VOD?

Description

Time

  • Played on: May 14, 2019, 12:12 p.m.
  • Length: 6:42
Show
View Real Time Build Order
Export as new Build Order

Jason Terran 

Build Orders:  

Get SALT Encoding   

  12  0:00  SCV  
  13  0:12  SCV  
  14  0:18  Supply Depot  
  14  0:25  SCV  
  15  0:31  Refinery  
  15  0:40  SCV  
  16  0:46  Barracks  
  16  0:52  SCV  
  17  1:04  SCV  
  18  1:16  SCV  
  20  1:35  Reaper  
  20  1:37  Orbital Command  
  20  1:50  Command Center  
  20  2:03  Factory  
  20  2:05  SCV  
  21  2:09  Barracks Reactor  
  21  2:18  SCV  
  21  2:20  Supply Depot  
  22  2:25  Refinery  
  22  2:30  SCV  
  23  2:42  SCV  
  24  2:48  Marine x2  
  24  2:49  Hellion  
  28  2:54  SCV  
  29  2:59  Starport  
  29  3:06  SCV  
  29  3:10  Orbital Command  
  30  3:14  Widow Mine  
  30  3:17  Marine  
  30  3:19  Marine  
  34  3:23  SCV  
  35  3:30  Bunker  
  35  3:35  SCV, Factory Tech Lab  
  35  3:37  Medivac  
  35  3:38  Marine  
  35  3:40  SCV  
  40  3:47  SCV  
  41  3:48  Marine  
  41  3:55  Supply Depot  
  40  3:56  Marine  
  40  4:00  SCV x2  
  43  4:09  Factory Tech Lab  
  43  4:14  SCV x2  
  44  4:17  Marine x2  
  44  4:18  Barracks  
  44  4:21  Raven  
  48  4:26  SCV, Engineering Bay  
  48  4:27  SCV  
  50  4:32  Siege Tank  
  50  4:38  Marine  
  54  4:40  Supply Depot  
  54  4:46  Supply Depot  
  54  5:01  Marine x2, Refinery  
  54  5:02  SCV x2  
  54  5:04  Siege Tank  
  54  5:05  Barracks  
  61  5:13  Supply Depot  
  61  5:14  SCV x2  
  63  5:16  Marine  
  63  5:19  Marine  
  65  5:23  Starport Reactor  
  65  5:26  SCV x2  
  65  5:37  Supply Depot  
  65  5:38  SCV x2  
  65  5:39  Supply Depot  
  63  5:57  SCV  
  64  6:09  SCV  
  64  6:10  Marine x3  
  60  6:12  Marine  
Show
View Real Time Build Order
Export as new Build Order

Rob Protoss - Winner!

Build Orders: 1 Gate Expand 

Get SALT Encoding   

  12  0:00  Probe  
  13  0:12  Probe  
  14  0:24  Pylon  
  14  0:25  Probe  
  15  0:38  Probe  
  16  0:43  Gateway  
  16  0:46  Probe  
  16  0:52  Assimilator  
  16  0:56  Probe  
  18  1:08  Probe  
  19  1:20  Probe  
  20  1:28  Nexus  
  20  1:39  Probe  
  21  1:40  Cybernetics Core  
  21  1:49  Pylon  
  21  1:51  Assimilator  
  22  1:55  Probe  
  22  2:03  Probe  
  22  2:07  Adept  
  23  2:13  Probe  
  24  2:19  Warp Gate  
  26  2:25  Probe  
  27  2:31  Stalker  
  27  2:32  Twilight Council  
  27  2:37  Probe  
  27  2:40  Probe  
  30  2:55  Probe  
  30  2:56  Probe  
  31  3:09  Probe  
  31  3:11  Resonating Glaives  
  32  3:13  Robotics Facility  
  32  3:14  Probe  
  33  3:22  Probe  
  33  3:26  Probe  
  35  3:34  Probe  
  35  3:38  Probe  
  37  3:48  Probe  
  38  3:50  Pylon x2  
  38  3:56  Probe  
  38  4:00  Probe, Warp Prism  
  42  4:16  Gateway  
  41  4:18  Gateway x2  
  41  4:19  Gateway  
  41  4:21  Gateway  
  41  4:27  Gateway  
  41  4:34  Gateway  
  41  4:40  Stalker  
  41  4:43  Probe x2  
  45  4:54  Observer  
  45  4:55  Probe  
  45  4:57  Probe  
  46  5:01  Pylon x2  
  46  5:07  Probe  
  46  5:10  Pylon  
  47  5:19  Adept x4  
  47  5:20  Adept x2  
  51  5:57  Adept x2  
  51  5:58  Adept x6  
  55  6:27  Adept x7  
  63  6:40  Adept  
Tags
 
Add a new tag
Caveats
  • Supply blocks, unpowered buildings, or Contaminate may cause inaccurate times.
  • Supply counts are checked every 10 seconds.